 Dungeon Crawl Stone Soup version 0.19-a0-1384-gbb462ca (webtiles) character file.

39 mopl the Skirmisher (level 3, -1/40 HPs)
             Began as an Ogre Wanderer on Sept 3, 2016.
             Slain by a hobgoblin
             ... wielding a +0 club
              (2 damage)
             ... on level 2 of the Dungeon.
             The game lasted 00:01:48 (1383 turns).

mopl the Skirmisher (Ogre Wanderer)                 Turns: 1383, Time: 00:01:49

Health: -1/40      AC:  3    Str: 23    XL:     3   Next: 45%
Magic:  1/6        EV: 14    Int:  7    God:
Gold:   34         SH:  0    Dex: 18    Spells: 1 memorised, 5 levels left

rFire  + . .     SeeInvis .     f - +0 club
rCold  . . .     Gourm    .     e - +0 robe
rNeg   . . .     Faith    .     (no shield)
rPois  .         Spirit   .     (helmet restricted)
rElec  .         Dismiss  .     (no cloak)
rCorr  .         Reflect  .     (gloves unavailable)
MR     .....     Harm     .     (boots unavailable)
Stlth  +++.......               (no amulet)
                                (no ring)
                                l - ring of protection from fire

@: mighty, agile, lethally poisoned (-1 -> -7), very slightly contaminated
A: unfitting armour, tough skin 1
a: no special abilities


You were on level 2 of the Dungeon.
You were near starving.

You visited 1 branch of the dungeon, and saw 2 of its levels.

You collected 34 gold pieces.

Inventory:

Hand Weapons
 f - a +0 club (weapon)
Missiles
 h - 91 stones (quivered)
Armour
 e - a +0 robe (worn)
Jewellery
 l - a ring of protection from fire (left hand)
Scrolls
 b - a scroll of fear
 k - 3 scrolls of identify {unknown}
Potions
 a - 3 potions of haste
Books
 d - the Handbook of the Frostbite

   Spells                             Type                      Level
   a - Freeze                         Ice                          1
   b - Ozocubu's Armour               Charms/Ice                   3
Comestibles
 g - a bread ration


   Skills:
 * Level 4.6 Fighting
 * Level 2.3 Maces & Flails
 + Level 1.9 Throwing
 - Level 1.0 Stealth
   Level 1.0 Shields
 - Level 1.0 Unarmed Combat
 - Level 2.4 Spellcasting
   Level 1.0 Summonings


You had 5 spell levels left.
You knew the following spells:

 Your Spells              Type           Power        Failure   Level  Hunger
a - Freeze                Ice            #...         38%         1    ##.....


Dungeon Overview and Level Annotations

Branches:
Dungeon (2/15)

Altars:


Innate Abilities, Weirdness & Mutations

You are too large for most types of armour.
You have tough skin. (AC +1)


Message History

The hobgoblin hits you but does no damage.
Casting: Freeze
Confirm with . or Enter, or press ? or * to list all spells.
Aiming: Freeze
Press: ? - help, Shift-Dir - straight line, f/p - adder
Aim: an adder (severely wounded, slow)
You freeze the adder.
You kill the adder!
* * * LOW HITPOINT WARNING * * *
You feel sick.
Unknown command.
It was a potion of might.
You feel very mighty all of a sudden. The hobgoblin hits you with a club.
* * * LOW HITPOINT WARNING * * *
It was a potion of agility.
You feel agile all of a sudden.
* * * LOW HITPOINT WARNING * * *
You feel sick. The hobgoblin hits you with a club.
You die...

####.#....##
#.#..$..# #.#.....
#.#(#.#.#
#####.......#
#####...........#
##.................
.................##
##....g@..#...?..#
#........#......#
#........#......#
#....############
#.... #.... #####


You could see a hobgoblin.

Vanquished Creatures
  2 adders (D:2)
  An ooze (D:1)
  A dart slug (D:1)
  3 bats (D:1)
  A giant cockroach (D:1)
  2 goblins
  A hobgoblin (D:1)
  3 giant newts (D:1)
  2 kobolds (D:1)
  A rat (D:1)
17 creatures vanquished.

Notes
Turn   | Place    | Note
-------+----------+-------------------------------------------
     0 | D:1      | mopl the Ogre Wanderer began the quest for the Orb.
     0 | D:1      | mopl set off with: a potion of haste, a scroll of fear, a potion of curing, the Handbook of the Frostbite, a +0 robe, a +0 club, a bread ration
     0 | D:1      | Reached XP level 1. HP: 24/24 MP: 3/3
     0 | D:1      | Identified the Handbook of the Frostbite
     4 | D:1      | Noticed an electric eel
   207 | D:1      | Reached XP level 2. HP: 29/32 MP: 5/5
   220 | D:1      | Reached skill level 1 in Maces & Flails
   786 | D:1      | Learned a level 1 spell: Freeze
  1089 | D:2      | Reached skill level 2 in Maces & Flails
  1089 | D:2      | Reached XP level 3. HP: 14/40 MP: 3/6
  1378 | D:2      | HP: 2/40 [adder (4)]
  1383 | D:2      | HP: 1/40 [poisoned by an adder]
  1383 | D:2      | Slain by a hobgoblin

Vault maps used:
D:1:      arrival_aquarium_a, serial_forest, infiniplex_forest_lined_4_way,
          infiniplex_forest_corner_1, infiniplex_forest_lined_corner,
          infiniplex_forest_lined_corner, infiniplex_forest_corner_1,
          infiniplex_forest_lined_3, minivault_14, serial_bayou_lake_a
D:2:      grunt_gozag_breadcrumbs

Skill      XL: |  1  2 |
---------------+-------+-----
Maces & Flails | 2 |  2.3
Fighting       | |  4.6
Throwing       | |  1.9
Stealth        | |  1.0
Shields        | |  1.0
Unarmed Combat | |  1.0
Spellcasting   | |  2.4
Summonings     | |  1.0

Action                   || total
-------------------------++-------
Melee: Club              ||    62
 Cast: Freeze            ||     6
  Use: Potion            ||     3
 Stab: Sleeping          ||     1
Armor: Robe              ||    23
Dodge: Dodged            ||    51
